 Dungeon Crawl Stone Soup version 0.19.0-11-g3fc08b3 (webtiles) character file.

767 Jerry the Sneak (level 7, -4/37 HPs)
             Began as a Vine Stalker Assassin on Nov 8, 2016.
             Was a Believer of Uskayaw.
             Killed by divine providence
             ... invoked by an orc priest
              (12 damage)
             ... on level 6 of the Dungeon.
             The game lasted 00:23:07 (4478 turns).

Jerry the Sneak (Vine Stalker Assassin)             Turns: 4478, Time: 00:23:08

Health: -4/37      AC:  6    Str: 18    XL:     7   Next: 82%
Magic:  0/9        EV: 14    Int: 11    God:    Uskayaw [**....]
Gold:   378        SH:  0    Dex: 18    Spells: 0 memorised, 6 levels left

rFire  . . .     SeeInvis .     H - -1 dagger (curse)
rCold  . . .     Gourm    .     u - +0 robe (curse)
rNeg   . . .     Faith    .     (no shield)
rPois  .         Spirit   +     (no helmet)
rElec  .         Reflect  .     d - +0 cloak
rCorr  .         Harm     .     A - +2 pair of gloves
MR     .....                    (no boots)
Stlth  ++++......               (no amulet)
                                n - +5 ring of strength
                                i - ring of stealth

@: no status effects
A: fangs 2, regeneration 1, magic shield, antimagic bite, no device heal 3, rot
immunity
a: Stomp, Line Pass, Renounce Religion


You were on level 6 of the Dungeon.
You worshipped Uskayaw.
Uskayaw was noncommittal.
You were not hungry.

You visited 1 branch of the dungeon, and saw 6 of its levels.
You also visited: Ossuary.

You collected 378 gold pieces.

Inventory:

Hand Weapons
 b - a +0 blowgun
 v - a +3 short sword
 E - the +4 mace of Duty {drain, rC+ SInv}
   (You found it on level 4 of the Dungeon)

   A truly terrible weapon, it drains the life of those it strikes.
   It protects you from cold.
   It lets you see invisible.
 H - a cursed -1 dagger (weapon)
Missiles
 e - 8 poisoned needles
 f - 2 curare-tipped needles
Armour
 d - a +0 cloak (worn)
 u - a cursed +0 robe (worn)
 A - a +2 pair of gloves (worn)
Jewellery
 i - a ring of stealth (left hand)
 n - a +5 ring of strength (right hand)
 w - an uncursed ring of flight
Wands
 x - a wand of confusion (25/48)
 y - a wand of acid (10/15)
 F - a wand of polymorph (3/24)
Scrolls
 j - 2 scrolls of teleportation
 l - 4 scrolls of blinking
 J - a scroll of identify
 K - a scroll of amnesia
Potions
 c - 2 potions of brilliance
 m - 2 potions of agility {unknown}
 o - a potion of degeneration {unknown}
 p - 8 potions of curing {unknown}
 r - 2 potions of flight {unknown}
 t - 3 potions of might {unknown}
 z - a potion of cancellation {unknown}
 B - 2 potions of invisibility {unknown}
 C - 4 potions of heal wounds {unknown}
 D - 3 potions of cure mutation {unknown}
 G - 2 potions of haste
 I - a potion of resistance {unknown}
Comestibles
 a - a beef jerky
 g - 3 bread rations
 k - 2 meat rations
 q - a royal jelly
 s - 4 fruits


   Skills:
 - Level 4.0 Fighting
 + Level 4.6 Short Blades
 - Level 1.7 Throwing
 + Level 3.9 Dodging
 - Level 5.2 Stealth
 + Level 2.2 Invocations


You had 6 spell levels left.
You didn't know any spells.

Dungeon Overview and Level Annotations

Branches:
Dungeon (6/15)
 Temple: D:4-7

Altars:
Kikubaaqudgha
Nemelex Xobeh
Uskayaw
The Shining One

Annotations:
D:3 Jerry's ghost, amateur VSAs


Innate Abilities, Weirdness & Mutations

You have extremely sharp teeth.
Your natural rate of healing is unusually fast.
When hurt, damage is shared between your health and your magic reserves.
Your bite disrupts and absorbs the magic of your enemies.
Potions and wands cannot restore your health.
You are immune to rotting.


Message History

The orc hits you with a dagger. The orc priest hits you with a club.
You hit the orc priest. You bite the orc priest. You drain its power.
You feel invigorated.
The orc priest is almost dead.
The bullfrog closely misses you.
You hit the orc priest but do no damage.
The orc priest is almost dead.
The orc priest mumbles some strange prayers to Beogh against you.
Beogh smites you!
* * * LOW HITPOINT WARNING * * *
The bullfrog completely misses you.
You hit the orc priest but do no damage.
Your bite misses the orc priest.
The orc priest is almost dead.
The orc wizard hits you but does no damage.
The bullfrog hits you.
* * * LOW HITPOINT WARNING * * *
The orc priest invokes the aid of Beogh against you.
Beogh smites you!
You die...

........#.#
#(#....>######
###.....#.#
#.###.#.#
#.....#.#
#...#.#.#
#.....#.#
###.#.#)#
#.....#.#
..#.#.#.#
#.#.#.#.#
#.#o#...#
#.#o#o###.#
#...@.....#
###F#.###.#
...#.# #.#
...#.#.# #.#
.F....<#.# #.#
.... ..... ..#
... .....# ###
... ##.#.# ###


You could see 2 bullfrogs, an orc priest, an orc wizard and an orc.

Vanquished Creatures
  An ice beast (D:6)
  An ogre (D:4)
  A centaur (D:5)
  A scorpion (D:4)
  A bullfrog zombie (D:5)
  Crazy Yiuf (D:4)
  A centaur skeleton (D:5)
  4 worker ants
  A big kobold zombie (Ossuary)
  9 mummies
  A gnoll (D:1)
  6 adders
  2 shadow imps
  A dart slug (D:1)
  2 leopard geckos
  4 orcs
  6 bats
  5 giant cockroaches
  A gnoll zombie (Ossuary)
  5 goblins
  10 hobgoblins
  2 jackals (D:3)
  5 quokkas
  A ball python (D:3)
  5 frilled lizards
  3 hobgoblin zombies
  4 kobolds
  5 orc zombies (Ossuary)
  2 rats
91 creatures vanquished.

Notes
Turn   | Place    | Note
-------+----------+-------------------------------------------
     0 | D:1      | Jerry the Vine Stalker Assassin began the quest for the Orb.
     0 | D:1      | Reached XP level 1. HP: 11/11 MP: 2/2
    41 | D:1      | Reached skill level 1 in Dodging
   182 | D:1      | Reached XP level 2. HP: 11/15 MP: 3/3
   603 | D:1      | Reached XP level 3. HP: 18/18 MP: 4/4
  1582 | D:3      | Reached skill level 5 in Stealth
  1612 | D:3      | Gained mutation: Your natural rate of healing is unusually fast. [Vine Stalker growth]
  1612 | D:3      | Reached XP level 4. HP: 23/23 MP: 5/5
  2301 | D:3      | Noticed Jerry's ghost (amateur VSAs)
  2388 | D:4      | Got a dazzling mace
  2389 | D:4      | Identified the +4 mace of Duty {drain, rC+ SInv} (You found it on level 4 of the Dungeon)
  2398 | D:4      | Found a glowing golden altar of the Shining One.
  2445 | D:4      | Found a sand-covered staircase.
  2455 | Ossuary  | Entered an ossuary
  2466 | Ossuary  | Reached XP level 5. HP: 25/27 MP: 4/6
  2831 | Ossuary  | Reached XP level 6. HP: 16/32 MP: 7/7
  3282 | D:4      | Found a runed door.
  3286 | D:4      | Noticed Crazy Yiuf
  3290 | D:4      | Killed Crazy Yiuf
  3350 | D:4      | Found a hide-covered altar of Uskayaw.
  3353 | D:4      | Became a worshipper of Uskayaw the Reveler
  3362 | D:4      | Reached * piety under Uskayaw
  3375 | D:4      | Reached ** piety under Uskayaw
  3598 | D:4      | Found a sparkling altar of Nemelex Xobeh.
  3598 | D:4      | Found an ancient bone altar of Kikubaaqudgha.
  3607 | D:4      | Reached XP level 7. HP: 32/37 MP: 6/8
  3642 | D:5      | Entered Level 5 of the Dungeon
  3739 | D:5      | Reached skill level 1 in Invocations
  3739 | D:5      | Reached *** piety under Uskayaw
  4478 | D:6      | Killed from afar by an orc priest

Skill      XL: |  1  2  3  4  5  6  7 |
---------------+----------------------+-----
Dodging        | 1 2 3 |  3.9
Fighting       | 2 3 4 |  4.0
Short Blades   | 2 3 4 |  4.6
Stealth        | 5 |  5.2
Invocations    | 2 |  2.2
Throwing       | |  1.7

Action                   |  1- 3 |  4- 6 |  7- 9 || total
-------------------------+-------+-------+-------++-------
Melee: Dagger            |    56 |       |    52 ||   108
       Bite              |     9 |    54 |    31 ||    94
       Short sword       |    11 |   147 |    19 ||   177
Invok: Line Pass         |       |       |     1 ||     1
Evoke: Wand              |       |       |     1 ||     1
  Use: Scroll            |       |    10 |     2 ||    12
       Potion            |       |     1 |       ||     1
 Stab: Sleeping          |    18 |    11 |    12 ||    41
       Distracted        |       |     1 |       ||     1
       Confused          |       |       |     2 ||     2
  Eat: Chunk             |     2 |     5 |     3 ||    10
       Pizza             |       |     1 |       ||     1
Armor: Robe              |     1 |     8 |    11 ||    20
Dodge: Dodged            |    33 |    54 |    27 ||   114
